 Dungeon Crawl Stone Soup version 0.18-a0-1811-g3a71842 (webtiles) character file.

9212 Laan the Devastator (level 11, 0/54 HPs)
             Began as a Deep Elf Fire Elementalist on Apr 27, 2016.
             Was an Elder of Vehumet.
             Slain by a cyan ugly thing (14 damage)
             ... on level 11 of the Dungeon.
             The game lasted 00:52:18 (14702 turns).

Laan the Devastator (Deep Elf Fire Elementalist)   Turns: 14702, Time: 00:52:19

Health: 0/54       AC:  8    Str:  7    XL:     11   Next: 20%
Magic:  13/28      EV: 13    Int: 24    God:    Vehumet [****..]
Gold:   771        SH:  0    Dex: 15    Spells: 6 memorised, 15 levels left

rFire  . . .     SeeInvis .     R - +2 spear (venom)
rCold  . . .     Gourm    .     a - +0 robe
rNeg   . . .     Faith    .     (no shield)
rPois  .         Spirit   .     K - +1 helmet
rElec  .         Dismiss  .     (no cloak)
rCorr  .         Reflect  .     M - +2 pair of gloves
SustAt .         Harm     .     o - +0 pair of boots
MR     +....                    (no amulet)
Stlth  ++........               z - +2 ring of strength
                                x - ring of wizardry

@: somewhat resistant to hostile enchantments, unstealthy
A: no striking features
a: Renounce Religion


You were on level 11 of the Dungeon.
You worshipped Vehumet.
Vehumet was greatly pleased with you.
You were very full.

You visited 2 branches of the dungeon, and saw 12 of its levels.
You also visited: Ossuary.

You collected 771 gold pieces.

Inventory:

Hand Weapons
 w - a +0 short sword of electrocution
 N - a +2 rapier of freezing
 R - a +2 spear of venom (weapon)
Missiles
 s - 6 silver tomahawks (quivered)
Armour
 a - a +0 robe (worn)
 o - a +0 pair of boots (worn)
 K - a +1 helmet (worn)
 M - a +2 pair of gloves (worn)
Jewellery
 t - an uncursed amulet of harm
 x - a ring of wizardry (left hand)
 z - a +2 ring of strength (right hand)
 C - an uncursed ring of flight
Wands
 d - a wand of iceblast (4/15)
Scrolls
 f - 4 scrolls of blinking
 h - a scroll of holy word {unknown}
 i - 3 scrolls of remove curse
 r - a scroll of fog
 B - 3 scrolls of magic mapping
 G - 2 scrolls of recharging
Potions
 e - 4 potions of flight
 j - 5 potions of heal wounds
 k - 4 potions of curing
 m - a potion of might
 n - a potion of berserk rage
 p - 3 potions of brilliance
 E - a potion of haste
 L - a potion of invisibility
 P - a potion of resistance
Books
 b - a book of Flames

   Spells                             Type                      Level
   a - Flame Tongue                   Conjuration/Fire             1
   b - Throw Flame                    Conjuration/Fire             2
   c - Conjure Flame                  Conjuration/Fire             3
   d - Inner Flame                    Hexes/Fire                   3
   e - Sticky Flame                   Conjuration/Fire             4
   f - Fireball                       Conjuration/Fire             5
 O - a book of Spatial Translocations

   Spells                             Type                      Level
   a - Apportation                    Translocation                1
   b - Blink                          Translocation                2
   c - Shroud of Golubria             Charms/Translocation         2
   d - Portal Projectile              Translocation                3
   e - Teleport Other                 Translocation                3
   f - Passage of Golubria            Translocation                4
 S - a book of Annihilations

   Spells                             Type                      Level
   a - Poison Arrow                   Conjuration/Poison           6
   b - Chain Lightning                Conjuration/Air              8
   c - Lehudib's Crystal Spear        Conjuration/Earth            8
   d - Glaciate                       Conjuration/Ice              9
   e - Fire Storm                     Conjuration/Fire             9
 Y - the Collected Works on Dislocated Creation
   (You found it on level 9 of the Dungeon)

   Spells                             Type                      Level
   a - Gell's Gravitas                Hexes/Translocation          3
   b - Summon Guardian Golem          Hexes/Summoning              3
   c - Call Canine Familiar           Summoning                    3
   d - Warp Weapon                    Charms/Translocation         5
Comestibles
 c - 7 bread rations
 l - 2 fruits
 q - 6 meat rations
 Q - 9 slices of pizza


   Skills:
 - Level 2.4 Dodging
 - Level 2.4 Stealth
 + Level 11.7 Spellcasting
 * Level 15.6 Conjurations
 - Level 3.2 Fire Magic


You had 15 spell levels left.
You knew the following spells:

 Your Spells              Type           Power        Failure   Level  Hunger
a - Flame Tongue          Conj/Fire      #####        1%          1    None
b - Conjure Flame         Conj/Fire      ######..     1%          3    None
c - Sticky Flame          Conj/Fire      ######..     1%          4    None
d - Fireball              Conj/Fire      ######....   1%          5    ###....
e - Magic Dart            Conj           ####         0%          1    None
f - Iskenderun's Mystic   Conj           ######..     1%          4    None


Dungeon Overview and Level Annotations

Branches:
Dungeon (11/15)            Temple (1/1) D:4             Orc (0/2) D:10
   Lair: D:8-11

Altars:
Ashenzari
Cheibriados
Dithmenos
Elyvilon
Fedhas
Gozag
Makhleb
Nemelex Xobeh
Okawaru
Pakellas
Trog
Vehumet
Xom
Yredelemnul
Zin


Message History

Aim: a cyan ugly thing (flame, lightly wounded)
The sticky flame hits the cyan ugly thing.
The cyan ugly thing is moderately wounded.
The cyan ugly thing is covered in liquid flames!
The cyan ugly thing burns!
The cyan ugly thing is engulfed in roaring flames.
The cyan ugly thing engulfs you. The cyan ugly thing shocks you!
Casting: Sticky Flame
Confirm with . or Enter, or press ? or * to list all spells.
Aiming: Flame Tongue
Press: ? - help, Shift-Dir - straight line, f/p - cyan ugly thing
Aim: a cyan ugly thing (flame, heavily wounded, covered in liquid flames)
The flame tongue hits the cyan ugly thing.
The cyan ugly thing is heavily wounded.
The cyan ugly thing burns!
The cyan ugly thing is engulfed in roaring flames.
The cyan ugly thing engulfs you!
* * * LOW HITPOINT WARNING * * *
The cyan ugly thing shocks you!
You die...

.u# ..#### ####......
......... #.......c #(#
#ยง# #u#
################@######
..............(.........
############..##########
#..# #..# #..# #..>
..... #####


You could see a cyan ugly thing (burning).

Vanquished Creatures
  A hill giant (D:10)
  An orc knight (D:10)
  A gargoyle (D:10)
  3 trolls (D:9)
  2 two-headed ogres
  Grinder (D:3)
  A vampire (D:11)
  The ghost of zzzzz the Digger, an amateur GrEE (D:4)
  5 yaks
  A human (D:7)
  A hippogriff (D:7)
  Menkaure (D:7)
  Edmund (D:5)
  7 orc warriors
  A sky beast (D:9)
  2 ice beasts
  2 phantoms
  A wasp (D:10)
  5 ogres
  5 centaurs
  A crocodile (D:9)
  3 big kobolds (D:3)
  2 giant frogs
  A gnoll sergeant (D:7)
  2 scorpions
  6 killer bees (D:9)
  4 howler monkeys
  2 electric eels (D:10)
  2 crimson imps
  3 centaur zombies (Ossuary)
  4 jellies
  2 giant frog skeletons
  5 hounds
  8 orc priests
  13 orc wizards
  5 iguanas
  Jessica (D:3)
  Terence (D:3)
  4 worker ants
  A killer bee zombie (D:7)
  2 sheep (D:7)
  A big kobold zombie (Ossuary)
  6 mummies
  2 worker ant zombies
  15 adders
  25 gnolls
  2 shadow imps
  2 oozes
  An adder zombie (D:7)
  An adder skeleton (D:5)
  4 worms
  3 dart slugs
  6 giant geckos
  57 orcs
  5 bats
  8 giant cockroaches
  38 goblins
  30 hobgoblins
  9 jackals
  2 quokkas
  A ball python (D:9)
  A giant gecko zombie (D:5)
  11 giant newts
  A gnoll zombie (Ossuary)
  A goblin zombie (Ossuary)
  2 hobgoblin zombies
  16 kobolds
  2 kobold zombies
  A quokka skeleton (D:6)
  11 rats
379 creatures vanquished.

Vanquished Creatures (others)
  A crocodile (D:6)
1 creature vanquished.

Grand Total: 380 creatures vanquished

Notes
Turn   | Place    | Note
--------------------------------------------------------------
     0 | D:1      | Laan the Deep Elf Fire Elementalist began the quest for the Orb.
     0 | D:1      | Reached XP level 1. HP: 10/10 MP: 6/6
   149 | D:1      | Reached skill level 2 in Conjurations
   255 | D:1      | Reached XP level 2. HP: 14/15 MP: 2/8
   923 | D:1      | Reached skill level 3 in Conjurations
  1040 | D:1      | Reached XP level 3. HP: 18/19 MP: 6/9
  1618 | D:2      | Found a blossoming altar of Fedhas.
  1627 | D:2      | Reached skill level 4 in Conjurations
  1836 | D:2      | Reached XP level 4. HP: 24/24 MP: 8/10
  2110 | D:2      | Reached skill level 5 in Conjurations
  2250 | D:2      | Learned a level 3 spell: Conjure Flame
  2255 | D:2      | Learned a level 4 spell: Sticky Flame
  2590 | D:3      | Reached XP level 5. HP: 28/28 MP: 8/11
  2809 | D:3      | Found a burning altar of Makhleb.
  2983 | D:3      | Noticed Jessica
  2985 | D:3      | Killed Jessica
  3134 | D:3      | Reached skill level 6 in Conjurations
  3815 | D:3      | Noticed Terence
  3823 | D:3      | Killed Terence
  3896 | D:3      | Reached skill level 7 in Conjurations
  3896 | D:3      | Reached XP level 6. HP: 32/32 MP: 6/12
  3972 | D:3      | Noticed Grinder
  4476 | D:3      | Killed Grinder
  4476 | D:3      | Reached skill level 8 in Conjurations
  4476 | D:3      | Reached XP level 7. HP: 19/36 MP: 2/13
  4572 | D:3      | Reached skill level 9 in Conjurations
  5496 | D:4      | Found a staircase to the Ecumenical Temple.
  5505 | Temple   | Entered the Ecumenical Temple
  5513 | Temple   | Became a worshipper of Vehumet
  5627 | D:4      | Found a sparkling altar of Nemelex Xobeh.
  5669 | D:4      | Noticed zzzzz's ghost (amateur GrEE)
  5754 | D:4      | Killed zzzzz's ghost
  5762 | D:4      | Reached XP level 8. HP: 41/41 MP: 2/15
  5769 | D:4      | Learned a level 5 spell: Fireball
  5885 | D:4      | Reached skill level 10 in Conjurations
  6019 | D:5      | Entered Level 5 of the Dungeon
  6324 | D:5      | Found a shadowy altar of Dithmenos.
  6523 | D:5      | Reached skill level 5 in Spellcasting
  6802 | D:5      | Reached * piety under Vehumet
  6802 | D:5      | Offered knowledge of Magic Dart by Vehumet.
  6807 | D:5      | Learned a level 1 spell: Magic Dart
  6966 | D:5      | Noticed Edmund
  6982 | D:5      | Killed Edmund
  7012 | D:5      | Reached skill level 11 in Conjurations
  7752 | D:6      | Reached XP level 9. HP: 33/45 MP: 7/21
  7973 | D:6      | Reached ** piety under Vehumet
  7973 | D:6      | Offered knowledge of Sandblast by Vehumet.
  8095 | D:6      | Found an oddly glowing altar of Pakellas.
  8095 | D:6      | Noticed an orange crystal statue
  8145 | D:6      | Found a snail-covered altar of Cheibriados.
  8364 | D:7      | Reached skill level 12 in Conjurations
  8633 | D:7      | Noticed Menkaure
  8638 | D:7      | Killed Menkaure
  9102 | D:7      | Reached skill level 13 in Conjurations
  9413 | D:7      | Offered knowledge of Stone Arrow by Vehumet.
  9823 | D:8      | Reached *** piety under Vehumet
  9841 | D:8      | Found a sand-covered staircase.
  9865 | Ossuary  | Entered an ossuary
 10147 | Ossuary  | Offered knowledge of Ignite Poison by Vehumet.
 10267 | D:8      | Found a white marble altar of Elyvilon.
 10280 | D:8      | Found a shimmering altar of Xom.
 10331 | D:8      | Reached XP level 10. HP: 50/50 MP: 21/25
 11404 | D:9      | Found a sparkling altar of Nemelex Xobeh.
 11477 | D:9      | Reached skill level 14 in Conjurations
 11724 | D:9      | Reached **** piety under Vehumet
 11803 | D:9      | Offered knowledge of Iskenderun's Mystic Blast by Vehumet.
 11805 | D:9      | Reached skill level 10 in Spellcasting
 11990 | D:9      | Identified the Collected Works on Dislocated Creation
 12968 | D:10     | Entered Level 10 of the Dungeon
 13134 | D:10     | Noticed a hill giant
 13144 | D:10     | Killed a hill giant
 13144 | D:10     | Reached skill level 15 in Conjurations
 13583 | D:10     | Noticed a gargoyle
 13596 | D:10     | Learned a level 4 spell: Iskenderun's Mystic Blast
 13607 | D:10     | Killed a gargoyle
 13677 | D:10     | Reached XP level 11. HP: 34/54 MP: 28/28
 13814 | D:10     | Noticed an orc knight
 13891 | D:10     | Killed an orc knight
 14433 | D:10     | Found a staircase to the Orcish Mines.
 14683 | D:11     | Noticed a cyan ugly thing
 14702 | D:11     | Slain by a cyan ugly thing

Vault maps used:
D:1:      eino_arrival_water_star
D:2:      first_bread, minmay_misc_feat_five, fedhas_altar_2
D:3:      minmay_goblin_kobold_castle, lemuel_doored_altar, minmay_lizard_king,
          uniq_terence, uniq_jessica, uniq_grinder
D:4:      temple_fountains, nemelex_dance_club_becter
D:5:      grunt_dithmenos_smoke_and_mirrors, moated_statue, uniq_edmund
D:6:      gammafunk_pakellas_statue_experiment, cheibrodos_worm_habitat
D:7:      grunt_livestock, uniq_menkaure
D:8:      lemuel_round_altar, old_standard_altar, nicolae_ossuary_entry_giza
D:9:      lemuel_crystal_altar
D:10:     erik_orc_2
D:11:     grunt_lair_entry_orc_guard_hut, uniq_psyche
Temple:   circular_temple_12
Ossuary:  ossuary_crypta

Skill      XL: |  1  2  3  4  5  6  7  8  9 10 |
---------------+-------------------------------+-----
Conjurations   | 2 3 4 5 7 8 9 11 13 15 | 15.6
Spellcasting   | 6 9 11 | 11.7
Dodging        | |  2.4
Stealth        | |  2.4
Fire Magic     | |  3.2

Action                   |  1- 3 |  4- 6 |  7- 9 | 10-12 || total
-------------------------+-------+-------+-------+-------++-------
Melee: Unarmed           |     2 |     6 |       |       ||     8
       Flail             |       |    18 |       |       ||    18
       Short sword       |       |     2 |     7 |       ||     9
       Rapier            |       |       |    11 |       ||    11
       Spear             |       |       |     1 |    33 ||    34
Throw: Tomahawk          |       |     3 |     1 |       ||     4
 Cast: Flame Tongue      |    80 |   159 |   423 |   208 ||   870
       Conjure Flame     |       |       |    10 |     8 ||    18
       Sticky Flame      |       |       |     6 |    21 ||    27
       Fireball          |       |       |       |    23 ||    23
  Use: Scroll            |       |       |       |    28 ||    28
  Eat: Chunk             |     3 |     7 |    18 |     3 ||    31
       Fruit             |       |       |       |    20 ||    20
       Beef jerky        |       |       |       |     4 ||     4
Armor: Robe              |     5 |     8 |    36 |    25 ||    74
Dodge: Dodged            |    21 |    75 |    77 |    66 ||   239
